 Seeded DCSS version 0.28-a0-1567-g1695149f81 (webtiles) character file.

Game seed: 641 (custom seed)

4155 knot the Cleaver (level 10, 70/70 HPs)
             Began as a Demonspawn Berserker on Jan 20, 2022.
             Was a Believer of Trog.
             Quit the game on level 8 of the Dungeon.
             The game lasted 00:12:14 (9658 turns).

knot the Cleaver (Demonspawn Berserker)             Turns: 9658, Time: 00:12:15

Health: 70/70      AC: 11    Str: 19    XL:     10   Next: 7%
Magic:  10/10      EV: 11    Int: 12    God:    Trog [**....]
Gold:   349        SH:  0    Dex: 20    Spells: 9/9 levels left

rFire   . . .      SeeInvis .   x - +5 spear (venom)
rCold   . . .      Faith    .   (no shield)
rNeg    + . .      Spirit   .   v - +2 ring mail {rN+}
rPois   .          Reflect  .   w - +0 helmet
rElec   .          Harm     .   (no cloak)
rCorr   +          Rampage  .   b - +1 pair of gloves
Will    .....                   E - +0 pair of boots
Stlth   ++........              (no amulet)
HPRegen 0.21/turn               n - +6 ring of dexterity
MPRegen 0.24/turn               o - ring of resist corrosion

@: no status effects
A: thin skeletal structure 1, powered by death 1, magic regeneration
a: Renounce Religion, Berserk, Trog's Hand


You were on level 8 of the Dungeon.
You worshipped Trog.
Trog was pleased with you.
You visited 2 branches of the dungeon, and saw 9 of its levels.

You collected 349 gold pieces.

Inventory:

Hand Weapons
 a - a +0 hand axe
 t - a +10 club
 x - a +5 spear of venom (weapon)
 F - the +11 hand axe "Kanwedgh" {vorpal, *Rage rPois MP+9 Dex+4}
   (You found it on level 6 of the Dungeon)

   It inflicts extra damage upon your enemies.
   Dex:       It affects your dexterity (+4).
   rPois:     It protects you from poison.
   MP:        It affects your magic capacity (+9).
   *Rage:     It berserks you when you make melee attacks (+20% chance).
Missiles
 c - a curare-tipped dart
 e - 2 atropa-tipped darts
 g - 8 boomerangs
 h - 192 stones
 k - 6 poisoned darts (quivered)
 u - 38 sling bullets
 C - a throwing net
Armour
 b - a +1 pair of gloves (worn)
 v - a +2 ring mail of positive energy (worn)
 w - a +0 helmet (worn)
 y - a +1 leather armour of cold resistance
 E - a +0 pair of boots (worn)
Jewellery
 n - a +6 ring of dexterity (left hand)
 o - a ring of resist corrosion (right hand)
 G - a +6 ring of intelligence
Wands
 s - a wand of iceblast (18)
 I - a wand of digging (7)
Scrolls
 d - a scroll of immolation
 i - 2 scrolls of magic mapping
 l - 3 scrolls of amnesia
 p - 2 scrolls of fear
Potions
 m - 3 potions of ambrosia
 r - a potion of attraction
 z - a potion of lignification
 A - a potion of resistance {unknown}
 K - a potion of brilliance {unknown}


   Skills:
 - Level 3.0 Fighting
 * Level 10.4 Axes
 * Level 8.9 Throwing
 - Level 1.7 Armour
 - Level 1.7 Dodging


You had 9 spell levels left.
You didn't know any spells.
Your spell library contained the following spells:

 Spells                   Type           Power      Damage    Failure   Level
 Beastly Appendage        Tmut           0%         N/A       50%         1
 Wereblood                Tmut           0%         N/A       65%         2
 Call Canine Familiar     Summ           0%         N/A       86%         3
 Portal Projectile        Hex/Tloc       0%         N/A       86%         3
 Spider Form              Tmut/Pois      0%         N/A       86%         3
 Hailstorm                Conj/Ice       0%         3d3       99%         4
 Ice Form                 Ice/Tmut       0%         N/A       99%         4
 Leda's Liquefaction      Hex/Erth       0%         N/A       99%         4
 Simulacrum               Ice/Necr       0%         N/A       100%        6


Dungeon Overview and Level Annotations

Branches:
Dungeon (8/15)             Temple (1/1) D:4
   Lair: D:8-11

Altars:
Dithmenos
Makhleb
Qazlal
Sif Muna
Wu Jian
The Shining One


Innate Abilities, Weirdness & Mutations

You have a somewhat thin skeletal structure. (Dex +2, Stealth+)
You regenerate a little health from kills.
You regenerate magic rapidly.


Message History

a +0 dagger; a +0 robe You see here a +0 short sword.
You see here a +0 dagger.
There is a stone staircase leading up here.
You see here a +0 whip.
There is a stone staircase leading down here.
You climb downwards.
There is a stone staircase leading up here.
A red film seems to cover your vision as you go berserk!
You feel yourself moving faster!
You feel mighty!
You puncture the cyclops!
The cyclops is poisoned.
The cyclops is moderately wounded.
The cyclops hits you but does no damage.
You puncture the cyclops!
The cyclops looks as sick as possible!
The cyclops is heavily wounded.
You puncture the cyclops!
The cyclops looks as sick as possible!
The cyclops is severely wounded.
The cyclops closely misses you.
You puncture the cyclops!
The cyclops looks as sick as possible!
The cyclops is almost dead.
You puncture the cyclops!
You kill the cyclops!
Trog accepts your kill.
You have reached level 10!
Your demonic ancestry asserts itself...
Your bones become slightly less dense.
You start waiting.
You feel a strong urge to attack something.
You start waiting.
You feel your anger nearly subside.
You start waiting.
You are no longer berserk.
You are exhausted.
You feel yourself slow down.
You start waiting.
You feel yourself speed up.
You start waiting.
You recover from your berserk rage.
Unknown command.
Are you sure you want to abandon this character and quit the game? (Confirm with "yes".)

#
####.####
#.......#
#@......#
#(......#
#.......#
###.#####
.# .# #


There were no monsters in sight!

Vanquished Creatures
  2 two-headed ogres (D:7)
  A cyclops (D:8)
  3 centaur zombies
  Grinder (D:4)
  An ice beast (D:6)
  2 black bears
  2 sky beasts (D:6)
  A centaur (D:5)
  A bullfrog (D:6)
  A kobold brigand (D:7)
  2 scorpions (D:7)
  A water moccasin zombie (D:6)
  2 wyvern skeletons
  A water moccasin skeleton (D:5)
  A bullfrog zombie (D:5)
  A gnoll shaman (D:4)
  2 orc priests
  3 hounds
  A jelly (D:5)
  Ijyb (D:4)
  An iguana (D:6)
  10 orc wizards
  2 killer bee zombies (D:7)
  A hound zombie (D:5)
  10 adders
  13 gnolls
  A howler monkey skeleton (D:5)
  A white imp (D:5)
  2 ufetubi (D:4)
  An adder skeleton (D:4)
  A worm (D:4)
  A dart slug (D:2)
  28 orcs
  4 bats
  8 endoplasms
  5 giant cockroaches
  3 goblins
  7 hobgoblins
  5 jackals
  12 kobolds
  2 quokkas
  8 ball pythons
  3 frilled lizards
  3 rats
162 creatures vanquished.

Vanquished Creatures (others)
  A sky beast (D:7)
1 creature vanquished.

Grand Total: 163 creatures vanquished

Notes
Turn   | Place    | Note
-------+----------+-------------------------------------------
     0 | D:1      | knot the Demonspawn Berserker began the quest for the Orb.
     0 | D:1      | Reached XP level 1. HP: 18/18 MP: 1/1
   148 | D:1      | Reached skill level 3 in Axes
   314 | D:1      | Gained mutation: You regenerate a little health from kills.
                  | [demonic ancestry]
   314 | D:1      | Reached XP level 2. HP: 22/24 MP: 2/2
   629 | D:1      | Found a faded altar of an unknown god.
  1260 | D:2      | Reached XP level 3. HP: 17/29 MP: 3/3
  1615 | D:2      | Reached skill level 4 in Axes
  1922 | D:2      | Reached ** piety under Trog
  2396 | D:2      | Reached XP level 4. HP: 27/35 MP: 4/4
  3095 | D:3      | Found a stormy altar of Qazlal.
  3184 | D:3      | Reached skill level 5 in Axes
  3197 | D:3      | Reached XP level 5. HP: 37/41 MP: 5/5
  3544 | D:4      | Found a staircase to the Ecumenical Temple.
  3596 | D:4      | Reached skill level 1 in Throwing
  3684 | D:4      | Noticed Grinder
  3698 | D:4      | Killed Grinder
  3699 | D:4      | Reached skill level 6 in Axes
  3699 | D:4      | Reached XP level 6. HP: 42/47 MP: 6/6
  3756 | Temple   | Entered the Ecumenical Temple
  4310 | D:4      | Found an ornate altar of the Wu Jian Council.
  4368 | D:4      | Reached XP level 7. HP: 49/52 MP: 7/7
  4653 | D:4      | Noticed Ijyb
  4664 | D:4      | Killed Ijyb
  4985 | D:5      | Entered Level 5 of the Dungeon
  5229 | D:5      | Found a shadowy altar of Dithmenos.
  5428 | D:6      | Reached skill level 7 in Axes
  5551 | D:5      | HP: 2/52 [poisoned by a gnoll]
  6176 | D:5      | Reached skill level 5 in Throwing
  6176 | D:5      | Reached XP level 8. HP: 18/58 MP: 8/8
  6403 | D:5      | Reached skill level 8 in Axes
  7410 | D:6      | Identified the +11 hand axe "Kanwedgh" {vorpal, *Rage rPois
                  | MP+9 Dex+4}
  7659 | D:6      | Gained mutation: You regenerate magic rapidly. [demonic
                  | ancestry]
  7659 | D:6      | Reached XP level 9. HP: 63/63 MP: 9/9
  8096 | D:7      | Reached skill level 9 in Axes
  8168 | D:7      | Noticed a two-headed ogre
  8421 | D:7      | Noticed a two-headed ogre
  8468 | D:7      | Killed a two-headed ogre
  8475 | D:7      | Reached *** piety under Trog
  9041 | D:7      | Killed a two-headed ogre
  9042 | D:7      | Reached skill level 10 in Axes
  9614 | D:8      | Noticed a cyclops
  9620 | D:8      | Killed a cyclops
  9621 | D:8      | Gained mutation: You have a somewhat thin skeletal
                  | structure. (Dex +2, Stealth+) [demonic ancestry]
  9621 | D:8      | Reached XP level 10. HP: 70/70 MP: 10/10
  9658 | D:8      | Quit the game

Illustrated notes

Levels and vault maps discovered:
D:1:      dpeg_arrival_round_b, layout_loops_corners,
          hellmonk_ecumenical_altar_heavens_door
D:2:      layout_loops_ring
D:3:      layout_rooms, nicolae_qazlal_eye_of_the_storm,
          hangedman_feature_mirror
D:4:      layout_rooms, mainiacjoe_overflow_small_starburst,
          minmay_temple_entry_large_hall, kennysheep_generic_room_6,
          uniq_grinder, uniq_ijyb
D:5:      layout_basic, grunt_dithmenos_smoke
D:6:      layout_loops_ring
D:7:      layout_basic, dk_vineyard_2, kennysheep_flooded_box,
          minmay_stone_trees_small, hangedman_decor_slide_cut
D:8:      layout_rooms
Temple:   compressed_dpeg_circular_temple

Skill      XL: |  1  2  3  4  5  6  7  8  9 |
---------------+----------------------------+-----
Axes           | 3 4 5 6 7 8 10 | 10.4
Throwing       | 2 3 5 6 8 |  8.9
Fighting       | |  3.0
Armour         | |  1.7
Dodging        | |  1.7

Action                   |  1- 3 |  4- 6 |  7- 9 | 10-12 || total
-------------------------+-------+-------+-------+-------++-------
Melee: Hand axe          |   114 |   139 |    24 |       ||   277
       Punch             |     2 |     1 |     4 |       ||     7
       Club              |       |       |    41 |       ||    41
       Spear             |       |       |   250 |       ||   250
Throw: Dart              |       |    10 |     7 |       ||    17
Invok: Berserk           |     2 |     5 |     9 |       ||    16
       Trog's Hand       |       |     5 |     5 |       ||    10
  Use: Potion            |       |     4 |     1 |       ||     5
       Scroll            |       |       |    13 |       ||    13
 Stab: Invisible         |       |     7 |       |       ||     7
       Sleeping          |       |     1 |     1 |       ||     2
Armor: Animal skin       |    26 |    16 |     5 |       ||    47
       Ring mail         |       |       |   122 |       ||   122
Dodge: Dodged            |    66 |    72 |   177 |       ||   315

Table legend: (Time is in decaauts)
 A = Elapsed time spent in this place.
 B = Non-inter-level travel time spent in this place.
 C = Inter-level travel time spent in this place.
 D = Time resting spent in this place.
 E = Time spent auto-exploring this place.
 F = Levels seen in this place.
 G = Mean time per level.
                   A        B        C        D        E       F      G
               +--------+--------+--------+--------+--------+-----+--------+
         Total |   9778 |   9303 |    475 |   3261 |   4734 |   9 | 1086.4 |
       Dungeon |   9324 |   8849 |    475 |   2809 |   4734 |   8 | 1165.5 |
        Temple |    453 |    453 |      0 |    452 |      0 |   1 |  453.0 |
               +--------+--------+--------+--------+--------+-----+--------+

Top non-repeatable levels by time:
     D:4: 1580 daAuts
     D:7: 1580 daAuts
     D:5: 1476 daAuts
     D:2: 1377 daAuts
     D:1: 1267 daAuts
     D:6: 1190 daAuts
     D:3: 802 daAuts
  Temple: 453 daAuts
     D:8: 50 daAuts
